 Dungeon Crawl Stone Soup version 0.30.0 (webtiles) character file.

Game seed: 5919620914758737164

4806 porkupine the Firebug (level 10, -37/91 HPs)
             Began as a Naga Fire Elementalist on May 12, 2023.
             Was an Elder of Wu Jian.
             Annihilated by a very large slime creature (55 damage)
             ... on level 9 of the Dungeon on May 15, 2023.
             The game lasted 00:51:26 (7372 turns).

porkupine the Firebug (Naga Fire Elementalist)      Turns: 7372, Time: 00:51:27

Health: -37/91     AC: 11    Str: 10    XL:     10   Next: 48%
Magic:  7/18       EV: 11    Int: 26    God:    Wu Jian [****..]
Gold:   555        SH:  0    Dex: 12    Spells: 2/20 levels left

rFire   . . .        n - +4 flail (protect)
rCold   . . .        y - orb {mayhem}
rNeg    . . .        a - +1 robe
rPois   +            H - +1 hat
rElec   .            (no cloak)
rCorr   .            i - +0 pair of gloves
SInv    +            (no barding)
Will    +....        f - amulet of magic regeneration
Stlth   ++           d - +4 ring of protection
HPRegen 0.35/turn    q - +6 ring of intelligence
MPRegen 0.56/turn

%: mayhem
@: very slow
A: AC +3, large, see invisible, deformed body, poison resistance, slowness 2,
spit poison 1, naga tail 1
a: Spit Poison, Renounce Religion, Wall Jump, Serpent's Lash


You were on level 9 of the Dungeon.
You worshipped Wu Jian.
Wu Jian was greatly pleased with you.
You visited 1 branch of the dungeon, and saw 9 of its levels.
You also visited: Sewer.

You collected 555 gold pieces.

Inventory:

Hand Weapons
 j - a +4 trident
 n - a +4 flail of protection (weapon)
 t - a +5 long sword
 C - a +5 spear of venom
 J - a +0 shortbow of flaming
Missiles
 m - a curare-tipped dart
 s - 10 poisoned darts
 G - 4 javelins
Armour
 a - a +1 robe (worn)
 i - a +0 pair of gloves (worn)
 u - a +0 robe of cold resistance
 y - an orb of mayhem (worn)
 H - a +1 hat (worn)
Jewellery
 d - a +4 ring of protection (left hand)
 f - an amulet of magic regeneration (around neck)
 q - a +6 ring of intelligence (right hand)
 E - a ring of protection from fire
 I - a ring of willpower
Wands
 h - a wand of charming (18)
 k - a wand of polymorph (15)
 w - a wand of iceblast (1)
 x - a wand of acid (23)
 D - a wand of flame (17)
Scrolls
 e - 4 scrolls of teleportation
 v - 2 scrolls of blinking
 z - a scroll of fog
 A - 2 scrolls of silence
 B - a scroll of magic mapping
 F - 2 scrolls of identify
Potions
 c - a potion of lignification
 g - 2 potions of might
 l - 3 potions of brilliance
 o - 4 potions of flight
 p - a potion of attraction
 r - 5 potions of curing


   Skills:
 + Level 5.8 Fighting
 + Level 5.1 Dodging
 - Level 3.2 Stealth
 + Level 5.6 Spellcasting
 + Level 5.7 Conjurations
 - Level 4.0 Translocations
 + Level 6.6 Fire Magic
 + Level 6.0 Air Magic


You had 2 spell levels left.
You knew the following spells:

 Your Spells              Type           Power      Damage    Failure   Level
a - Foxfire               Conj/Fire      100%       2x1d9     1%          1
b - Scorch                Fire           82%        2d8       1%          2
c - Volatile Blastmotes   Fire/Tloc      68%        2d15      2%          3
d - Vhi's Electric Charg  Tloc/Air       66%        N/A       2%          3
e - Flame Wave            Conj/Fire      39%        2d11      6%          4
f - Arcjolt               Conj/Air       18%        1d28      19%         5

Your spell library contained the following spells:

 Spells                   Type           Power      Damage    Failure   Level
 Inner Flame              Hex/Fire       24%        N/A       5%          3
 Ozocubu's Armour         Ice            7%         N/A       22%         3
 Plasma Beam              Fire/Air       20%        2x1d35    63%         6
 Ozocubu's Refrigeration  Ice            3%         4d8       100%        7
 Maxwell's Capacitive Co  Air            19%        ∞         100%        8


Dungeon Overview and Level Annotations

Branches:
Dungeon (9/15)             Temple (0/1) D:6           Sewer (visited)
   Lair: D:8-11         Orc: D:9-12

Altars:
Cheibriados
Makhleb
Okawaru
Ru
Vehumet
Wu Jian
Xom
Yredelemnul
Zin
The Shining One

Shops:
D:1 *

Annotations:
D:7 2 runed translucent doors, Taxman66's ghost, novice MiFi
D:9 3 runed translucent doors, Eeriemist's ghost, novice TrBe


Innate Abilities, Weirdness & Mutations

Your serpentine skin is tough. (AC +3)
You have supernaturally acute eyesight. (SInv)
Armour fits poorly on your strangely shaped body.
Your system is resistant to poisons. (rPois)
You cover ground very slowly.
You can spit poison.
You have a snake-like lower body.


Message History

The large slime creature completely misses you.
A wave of flame ripples out!
The flame wave engulfs the large slime creature!!
The large slime creature is burned terribly!
The large slime creature is severely wounded.
The large slime creature barely misses you.
A wave of flame ripples out!
The flame wave engulfs the large slime creature!!
The large slime creature is burned terribly!
The large slime creature is almost dead.
The flame wave engulfs the slime creature!
The slime creature is heavily wounded.
You finish channelling waves of flame.
You hear a shout!
The large slime creature closely misses you.
Two slime creatures merge to form a very large slime creature.
Casting: Flame Wave (dangerous; 6% risk of failure)
Confirm with . or Enter, or press ? or * to list all spells.
Casting: Flame Wave (dangerous; 6% risk of failure)
Press: ? - help, Dir - look around, f - activate A wave of flame ripples out!
The flame wave engulfs the very large slime creature!
The very large slime creature is burned terribly!
The very large slime creature is severely wounded. (Press . to intensify the flame waves.)
A wave of flame ripples out!
The flame wave engulfs the very large slime creature!
The very large slime creature is burned terribly!
The very large slime creature is almost dead.
A wave of flame ripples out!
The flame wave engulfs the very large slime creature!
The very large slime creature is burned terribly!
The very large slime creature is almost dead.
The Council accepts your kill.
You feel a bit more experienced.
You finish channelling waves of flame.
The very large slime creature is no longer more vulnerable to fire.
A slime creature comes into view.
The very large slime creature hits you!!!
Ouch! That really hurt!
You die...

##### g. #...########
#..###########...........
#...))J@........########
#..###J########### #)#
#J# #.. ... ..8. # # ....
# .. ......


You could see a very large slime creature and a slime creature.

Vanquished Creatures
  Maggie (D:9)
  A shadow (D:9)
  A wyvern (D:7)
  A steam dragon (D:8)
  A swamp worm (D:8)
  A water moccasin (D:6)
  3 orc warriors
  3 ice beasts
  2 sky beasts (D:7)
  2 ogres
  2 centaurs
  A phantom (D:6)
  2 kobold brigands (Sewer)
  2 bullfrogs
  3 scorpions
  3 gnoll sergeants (D:8)
  8 wights
  An electric eel (D:7)
  3 howler monkeys (D:9)
  4 hounds
  An orc priest (D:6)
  4 gnoll boudas
  4 iguanas
  8 orc wizards
  2 sleepcaps
  27 gnolls
  11 adders
  A shadow imp (D:5)
  A white imp (D:6)
  3 ufetubi
  A worm (D:5)
  A dart slug (D:1)
  28 orcs
  4 ball pythons
  9 endoplasms
  5 giant cockroaches
  8 hobgoblins
  12 jackals
  5 quokkas
  7 bats
  12 goblins
  11 kobolds
  9 rats
219 creatures vanquished.

Vanquished Creatures (collateral kills)
  A wyvern (D:7)
  An orc warrior (D:9)
  A gnoll sergeant (D:9)
  A gnoll (D:8)
  2 orcs (D:9)
  2 foxfires (D:8)
8 creatures vanquished.

Vanquished Creatures (others)
  A bullfrog (D:8)
  An orc (D:7)
  204 foxfires
  2 plants (D:8)
208 creatures vanquished.

Grand Total: 435 creatures vanquished

Notes
Turn   | Place    | Note
-------+----------+-------------------------------------------
     0 | D:1      | porkupine the Naga Fire Elementalist began the quest for
                  | the Orb.
     0 | D:1      | Reached XP level 1. HP: 15/15 MP: 3/3
   179 | D:1      | Reached XP level 2. HP: 22/22 MP: 5/5
   511 | D:1      | Learned a level 2 spell: Scorch
   576 | D:1      | Found Wuuhublior's Assorted Antiques.
   791 | D:2      | Reached XP level 3. HP: 30/30 MP: 3/6
   867 | D:2      | Learned a level 3 spell: Volatile Blastmotes
   918 | D:2      | Found a faded altar of an unknown god.
   927 | D:2      | Reached XP level 4. HP: 37/37 MP: 5/7
   936 | D:2      | Prayed at the altar of an unknown god.
   936 | D:2      | Became a worshipper of the Wu Jian Council
   936 | D:2      | Reached * piety under Wu Jian
   942 | D:2      | Reached skill level 1 in Fighting
  1078 | D:2      | Reached skill level 1 in Translocations
  1178 | D:2      | Reached XP level 5. HP: 44/44 MP: 5/8
  1461 | D:3      | Learned a level 3 spell: Vhi's Electric Charge
  1953 | D:4      | Reached skill level 1 in Air Magic
  1961 | D:3      | Reached ** piety under Wu Jian
  1967 | D:3      | Reached XP level 6. HP: 45/51 MP: 8/10
  2097 | D:4      | Found a glowing golden altar of the Shining One.
  2375 | D:4      | Reached XP level 7. HP: 60/60 MP: 11/11
  2467 | D:4      | Found a radiant altar of Vehumet.
  2724 | D:5      | Entered Level 5 of the Dungeon
  2920 | D:5      | Found an iron altar of Okawaru.
  2940 | D:5      | Found a glowing silver altar of Zin.
  2941 | D:5      | Noticed an angel
  3788 | D:5      | Reached XP level 8. HP: 68/68 MP: 9/13
  3809 | D:5      | Learned a level 4 spell: Flame Wave
  3887 | D:6      | Reached *** piety under Wu Jian
  3949 | D:6      | Found a glowing drain.
  4034 | Sewer    | Entered a sewer
  4133 | Sewer    | Found a white marble altar of Elyvilon.
  4354 | D:6      | Found a staircase to the Ecumenical Temple.
  4451 | D:6      | Reached skill level 5 in Fire Magic
  4542 | D:6      | Found a basalt altar of Yredelemnul.
  4741 | D:6      | Reached XP level 9. HP: 78/78 MP: 8/15
  5098 | D:7      | Reached **** piety under Wu Jian
  5134 | D:7      | Found a large runed translucent door.
  5136 | D:7      | Found a large runed translucent door.
  5136 | D:7      | Noticed Taxman66's ghost (novice MiFi)
  5197 | D:7      | Found a burning altar of Makhleb.
  5198 | D:7      | Found a sacrificial altar of Ru.
  5274 | D:7      | Found a shimmering altar of Xom.
  5642 | D:8      | Reached skill level 5 in Air Magic
  5880 | D:8      | Reached skill level 5 in Conjurations
  5901 | D:8      | Reached skill level 5 in Spellcasting
  6071 | D:8      | Reached skill level 5 in Fighting
  6198 | D:8      | Learned a level 5 spell: Arcjolt
  6342 | D:8      | Reached XP level 10. HP: 88/88 MP: 9/17
  6560 | D:8      | Found a snail-covered altar of Cheibriados.
  6884 | D:9      | Found a runed translucent gate.
  6885 | D:9      | Found a runed translucent gate.
  6891 | D:9      | Found a runed translucent gate.
  6902 | D:9      | Noticed Eeriemist's ghost (novice TrBe)
  7066 | D:9      | Reached skill level 5 in Dodging
  7096 | D:9      | Noticed Maggie
  7107 | D:9      | Killed Maggie
  7372 | D:9      | Annihilated by a very large slime creature

Illustrated notes

Levels and vault maps discovered:
D:1:      zelgadis_glass_arrival_small, layout_basic, serial_shops,
          nicolae_shop_overgrown_old_shop, serial_bayou, serial_bayou_lake_a,
          serial_bayou_crossing, serial_bayou_pond_c, serial_bayou_ford_a
D:2:      layout_loops_ring, shapermc_ecumenical_altar_starsandcircs
D:3:      layout_loops_ring, kennysheep_flooded_box
D:4:      layout_rooms, tso_metal_star, nicolae_vehumet_altar_sigil,
          st_stairs_12
D:5:      minmay_general_purpose_star, layout_loops_ring,
          okawaru_ov_weapons_minmay, zin_angel, amethyst_killhole
D:6:      layout_rooms, mainiacjoe_overflow_24_doors,
          minmay_temple_entry_statues_fountains, portal_sewer_entry_f
D:7:      layout_rooms, mainiacjoe_overflow_catwalk, nicolae_overflow_squiral,
          ebering_ghost_disaster_area, hellmonk_no_cap
D:8:      layout_cave_pools, lemuel_coloured_pillars_altar, serial_gnoll_camp,
          gnoll_camp_mini_hut, gnoll_camp_mini_loothouse, gnoll_camp_huts_basic,
          gnoll_camp_mini_basic, worms_lemuel
D:9:      layout_loops_ring, david_orc_2, gammafunk_ghost_icy, uniq_maggie

Skill      XL: |  1  2  3  4  5  6  7  8  9 10 |
---------------+-------------------------------+-----
Dodging        | 2 3 4 5 |  5.1
Fighting       | 1 2 3 5 |  5.8
Translocations | 1 2 3 4 |  4.0
Conjurations   | 2 3 4 5 |  5.7
Air Magic      | 1 2 3 4 5 6 |  6.0
Spellcasting   | 3 4 5 |  5.6
Fire Magic     | 4 5 6 |  6.6
Stealth        | |  3.2

Action                     |  1- 3 |  4- 6 |  7- 9 | 10-12 || total
---------------------------+-------+-------+-------+-------++-------
  Melee: Dagger            |     9 |     2 |       |       ||    11
         Unarmed           |     1 |       |       |       ||     1
         Flail             |       |    19 |    55 |    12 ||    86
         Punch             |       |       |     1 |       ||     1
         Spear             |       |       |    20 |    16 ||    36
   Cast: Foxfire           |    17 |    20 |    68 |    19 ||   124
         Scorch            |    10 |    30 |    81 |    21 ||   142
         Volatile Blastmot |       |     1 |     8 |     2 ||    11
         Vhi's Electric Ch |       |       |    28 |    10 ||    38
         Flame Wave        |       |       |    12 |    10 ||    22
Ability: Spit Poison       |    21 |    30 |    48 |    11 ||   110
         Lunge             |       |     2 |     3 |       ||     5
         Whirlwind         |       |       |     4 |     1 ||     5
    Use: Scroll            |     1 |     9 |    11 |     2 ||    23
         Potion            |       |       |       |     1 ||     1
   Stab: Sleeping          |     1 |     3 |     2 |       ||     6
 Armour: Robe              |     5 |    24 |    67 |    18 ||   114
  Dodge: Dodged            |     9 |    17 |    83 |    25 ||   134
